 Dungeon Crawl Stone Soup version 0.22.1-1-ga44c0e56f4 (webtiles) character file.

210 Blejac999 the Ruffian (level 5, 0/46 HPs)
             Began as a Ghoul Monk on Oct 8, 2018.
             Killed from afar by an orc wizard (7 damage)
             ... with a magic dart
             ... on level 4 of the Dungeon.
             The game lasted 00:07:29 (4238 turns).

Blejac999 the Ruffian (Ghoul Monk)                  Turns: 4238, Time: 00:07:30

Health: 0/46       AC:  3    Str: 16    XL:     5   Next: 87%
Magic:  4/4        EV: 13    Int:  8    God:
Gold:   219        SH:  2    Dex: 14    Spells: 4/4 levels left

rFire    . . .     SeeInvis .     - Unarmed
rCold    + + .     Gourm    .   (no shield)
rNeg     + + +     Faith    .   c - +0 leather armour
rPois    ∞         Spirit   .   (no helmet)
rElec    .         Reflect  +   (no cloak)
rCorr    .         Harm     .   (no gloves)
MR       .....                  (no boots)
Stlth    ++........             e - amulet "Toabiuho" {Reflect rC+ Int+3 Dex+3 SH+2}
HPRegen  0.00/turn              (no ring)
MPRegen  0.09/turn              (no ring)

@: rotting
A: rotting body, claws 1, carnivore, cold resistance 1, negative energy
resistance 3, inhibited regeneration, torment resistance, unbreathing
a: no special abilities


You were on level 4 of the Dungeon.
You were not hungry.

You visited 1 branch of the dungeon, and saw 4 of its levels.

You collected 219 gold pieces.

Inventory:

Armour
 c - a +0 leather armour (worn)
Jewellery
 e - the amulet "Toabiuho" (around neck) {Reflect rC+ Int+3 Dex+3 SH+2}
   (You found it on level 4 of the Dungeon)

   [amulet of reflection]

   It shields you and reflects attacks.
   It affects your intelligence (+3).
   It affects your dexterity (+3).
   It protects you from cold.
   It affects your SH (+2).
Wands
 d - a wand of iceblast (9)
Scrolls
 g - a scroll of remove curse
Potions
 f - 2 potions of flight
Comestibles
 b - 7 rations
 h - 3 chunks of flesh


   Skills:
 + Level 3.9 Fighting
 + Level 1.6 Armour
 + Level 3.4 Dodging
 + Level 3.0 Stealth
 + Level 5.2 Unarmed Combat


You had 4 spell levels left.
You didn't know any spells.
Your spell library was empty.

Dungeon Overview and Level Annotations

Branches:
Dungeon (4/15)
 Temple: D:4-7

Altars:
Hepliaklqana
Vehumet

Annotations:
D:3 3 runed doors, Cykl0x's ghost, amateur GrBe; Kristenmann's ghost, amateur GrBe


Innate Abilities, Weirdness & Mutations

Your body is rotting away.
You thrive on raw meat.
You are immune to poison.
You have sharp fingernails.
You are carnivorous and can eat meat at any time.
Your flesh is cold resistant. (rC+)
You are immune to negative energy. (rN+++)
You do not regenerate when monsters are visible.
You are immune to unholy pain and torment.
You can survive without breathing.


Message History

A puff of flame appears from out of thin air!
The puff of flame hits you!
You closely miss something. Something hits you but does no damage.
You barely miss something. Something hits you.
You closely miss something. You block something's attack.
Something hits you but does no damage.
You barely miss something. Something hits you.
You miss something. Something hits you but does no damage.
The orc wizard points at you and mumbles some strange words.
The magic dart hits something.
You scratch something. You block something's attack.
You hear some strange, mumbled words.
A puff of flame appears from out of thin air!
The puff of flame hits you!
* * * LOW HITPOINT WARNING * * *
You miss something.
You hear some strange, mumbled words.
A magic dart appears from out of thin air!
The magic dart hits you!
You die...

#.# #... #o# #... #.#
##########... #.#
............. #.#
##.#########... #.#
#.. ##.## #.#. #.#
#.####.#.###.#.
#"######.....###......
#.oo{@÷.....## ##.#.#.
########..##.# #.##.#>
#..# #.#.# #.#. #..#
#.####... #..#
#........ #... .
.#(#.#. ##.### ......
#.# #.#... .......


You could see an orc wizard and an orc.

Vanquished Creatures
  An orc wizard (D:3)
  A hound skeleton (D:4)
  3 gnolls (D:3)
  6 adders
  4 worms
  A dart slug (D:1)
  4 leopard geckos
  3 orcs
  A giant cockroach (D:2)
  3 goblins
  5 hobgoblins
  10 jackals
  7 kobolds
  2 quokkas (D:3)
  5 bats
  5 frilled lizards
  9 rats
70 creatures vanquished.

Vanquished Creatures (others)
  4 withered plants (D:3)
4 creatures vanquished.

Grand Total: 74 creatures vanquished

Notes
Turn   | Place    | Note
-------+----------+-------------------------------------------
     0 | D:1      | Blejac999 the Ghoul Monk began the quest for the Orb.
     0 | D:1      | Reached XP level 1. HP: 19/19 MP: 0/0
    62 | D:1      | Reached XP level 2. HP: 16/26 MP: 1/1
   702 | D:1      | Reached XP level 3. HP: 28/31 MP: 2/2
  1270 | D:2      | Reached skill level 4 in Unarmed Combat
  2118 | D:3      | Reached XP level 4. HP: 40/40 MP: 3/3
  2153 | D:3      | Found a runed gate.
  2153 | D:3      | Found a runed gate.
  2153 | D:3      | Found a runed gate.
  2158 | D:3      | Noticed Cykl0x's ghost (amateur GrBe)
  2159 | D:3      | Noticed Kristenmann's ghost (amateur GrBe)
  2159 | D:3      | Noticed Cykl0x's ghost (amateur GrBe)
  2173 | D:3      | Noticed an orc warrior
  2973 | D:3      | Found a radiant altar of Vehumet.
  2973 | D:3      | Found a hazy altar of Hepliaklqana.
  3105 | D:3      | Reached skill level 1 in Armour
  3132 | D:3      | Reached XP level 5. HP: 44/46 MP: 4/4
  3591 | D:3      | Reached skill level 5 in Unarmed Combat
  4101 | D:4      | Got a steaming jade amulet
  4118 | D:4      | Identified the amulet "Toabiuho" {Reflect rC+ Int+3 Dex+3
                  | SH+2} (You found it on level 4 of the Dungeon)
  4238 | D:4      | Killed from afar by an orc wizard

Skill      XL: |  1  2  3  4  5 |
---------------+----------------+-----
Dodging        | 3 |  3.4
Unarmed Combat | 4 5 |  5.2
Armour         | 1 |  1.6
Stealth        | 3 |  3.0
Fighting       | |  3.9

Action                   |  1- 3 |  4- 6 || total
-------------------------+-------+-------++-------
Melee: Unarmed           |   108 |   136 ||   244
       Punch             |       |     3 ||     3
  Use: Scroll            |     4 |     7 ||    11
       Potion            |     3 |       ||     3
 Stab: Sleeping          |     3 |     1 ||     4
  Eat: Chunk             |     9 |     5 ||    14
Armor: Robe              |    12 |       ||    12
       Leather armour    |     3 |    23 ||    26
Dodge: Dodged            |    71 |    73 ||   144
Block: Other             |       |     3 ||     3
